 Dungeon Crawl Stone Soup version 0.17.1-2-g5865329 (webtiles) character file.

1733 FortyThree the Basher (level 9, 0/101 HPs)
             Began as an Ogre Berserker on Feb 7, 2016.
             Was an Elder of Trog.
             Slain by an unseen horror (2 damage)
             ... on level 6 of the Dungeon on Feb 8, 2016.
             The game lasted 00:15:13 (6212 turns).

FortyThree the Basher (Ogre Berserker)              Turns: 6212, Time: 00:15:16

Health: 0/101      AC:  5    Str: 25 (29) XL:     9   Next: 5%
Magic:  9/9        EV: 10    Int:  6      God:    Trog [****..]
Gold:   221        SH:  0    Dex: 12      Spells: 0 memorised, 8 levels left

rFire  . . .     SeeInvis .     u - +0 morningstar
rCold  . . .     Clarity  .     b - +0 animal skin
rNeg   . . .     SustAt   .     (no shield)
rPois  .         Gourm    .     (helmet restricted)
rElec  .         Spirit   .     v - +1 cloak
rCorr  .         Warding  .     (gloves unavailable)
rMut   .         Stasis   .     (boots unavailable)
MR     .....                    e - amulet of regeneration
Stlth  +.........               (no ring)
                                q - +5 ring of strength

@: not resistant to hostile enchantments, very unstealthy
A: unfitting armour, tough skin 1
a: Berserk, Trog's Hand, Brothers in Arms, Burn Spellbooks, Renounce Religion


You were on level 6 of the Dungeon.
You worshipped Trog.
Trog was greatly pleased with you.
You were not hungry.

You visited 1 branch of the dungeon, and saw 6 of its levels.
You also visited: Ossuary.

You collected 221 gold pieces.

Inventory:

Hand Weapons
 a - a +1 mace
 n - a +3 whip
 r - a +0 giant spiked club
 u - a +0 morningstar (weapon)
Missiles
 s - 5 large rocks (quivered)
Armour
 b - a +0 animal skin (worn)
 v - a +1 cloak (worn)
Jewellery
 e - an amulet of regeneration (around neck)
 q - a +5 ring of strength (left hand)
 t - an uncursed ring of ice
Scrolls
 i - 3 scrolls of recharging
 j - 5 scrolls of fog
 l - 5 scrolls of identify
 m - a scroll of enchant weapon
Potions
 c - a potion of beneficial mutation {unknown}
 d - 3 potions of agility
 f - 3 potions of lignification
 g - a potion of magic {unknown}
 h - 2 potions of brilliance {unknown}
 k - a potion of poison {unknown}
 o - 2 potions of degeneration
 p - 3 potions of curing
 A - 2 potions of heal wounds {unknown}
Comestibles
 w - a royal jelly
 x - a slice of pizza
 z - 2 bread rations


   Skills:
 - Level 10.0 Fighting
 + Level 11.1 Maces & Flails
 + Level 3.1 Throwing
 - Level 2.6 Dodging


You had 8 spell levels left.
You didn't know any spells.

Dungeon Overview and Level Annotations

Branches:
Dungeon (6/15)             Temple (0/1) D:5

Altars:
Fedhas


Innate Abilities, Weirdness & Mutations

You are too large for most types of armour.
You have tough skin (AC +1).


Message History

Something hits you but does no damage. Something hits you.
* * * LOW HITPOINT WARNING * * *
Something hits you.
* * * LOW HITPOINT WARNING * * *
Something hits you but does no damage. Something hits you.
* * * LOW HITPOINT WARNING * * *
Something hits you.
* * * LOW HITPOINT WARNING * * *
You barely miss something. Something hits you.
* * * LOW HITPOINT WARNING * * *
Drink which item? (? for menu, Esc to quit)
It was a potion of degeneration.
There was something very wrong with that liquid.
You feel weakened. Something hits you!
* * * LOW HITPOINT WARNING * * *
Something hits you.
You die...

#. #. #. #. #. #ยง
#.#### ####....#
#. ..####@#
#.#######.####{#
#.........#....#
####..........####
...........?.?####
.............(...#
......!...((..##.#
.###..........# #
.......(......#


There were no monsters in sight!

Vanquished Creatures
  An orc warrior (D:6)
  A phantom (D:4)
  3 centaurs
  3 ogres
  An elf zombie (Ossuary)
  A giant frog (D:6)
  A crimson imp (D:5)
  4 orc wizards
  2 centaur zombies (Ossuary)
  An orc priest (D:5)
  5 worker ants
  3 hounds
  4 iguanas
  4 big kobold zombies (Ossuary)
  A hound skeleton (D:4)
  2 hound zombies
  4 mummies
  5 adders
  4 gnolls (D:4)
  2 oozes
  2 adder zombies (Ossuary)
  An adder skeleton (D:5)
  5 worms
  4 giant geckos
  11 orcs
  8 bats
  12 goblins
  6 hobgoblins
  3 jackals (D:2)
  7 kobolds
  A ball python (D:6)
  8 giant cockroaches
  4 giant newts
  3 goblin zombies
  3 hobgoblin zombies (Ossuary)
  8 jackal zombies
  7 kobold zombies
  2 quokkas
  4 quokka zombies
  9 rats
  4 rat zombies (Ossuary)
164 creatures vanquished.

Notes
Turn   | Place    | Note
--------------------------------------------------------------
     0 | D:1      | FortyThree the Ogre Berserker began the quest for the Orb.
     0 | D:1      | Reached XP level 1. HP: 24/24 MP: 1/1
    95 | D:1      | Reached XP level 2. HP: 32/32 MP: 2/2
   392 | D:1      | Reached XP level 3. HP: 9/40 MP: 3/3
   395 | D:1      | Reached ** piety under Trog
   395 | D:1      | Reached skill level 5 in Maces & Flails
  1157 | D:2      | Reached skill level 5 in Fighting
  1161 | D:2      | Reached XP level 4. HP: 34/50 MP: 4/4
  2546 | D:3      | Reached XP level 5. HP: 59/59 MP: 5/5
  2657 | D:3      | Reached skill level 6 in Maces & Flails
  2709 | D:3      | Reached *** piety under Trog
  3280 | D:4      | Reached XP level 6. HP: 64/68 MP: 6/6
  3307 | D:4      | Found a sand-covered staircase.
  3317 | Ossuary  | Entered an ossuary
  3407 | Ossuary  | Reached skill level 7 in Fighting
  3846 | Ossuary  | Reached XP level 7. HP: 68/78 MP: 7/7
  3904 | Ossuary  | Reached skill level 8 in Maces & Flails
  4601 | D:4      | Noticed an ogre
  4623 | D:4      | Killed an ogre
  4623 | D:4      | Reached skill level 9 in Maces & Flails
  4877 | D:4      | Noticed a phantom
  4889 | D:4      | Killed a phantom
  4889 | D:4      | Reached XP level 8. HP: 79/92 MP: 8/8
  5213 | D:4      | Found a blossoming altar of Fedhas.
  5242 | D:5      | Entered Level 5 of the Dungeon
  5336 | D:5      | Reached **** piety under Trog
  5503 | D:5      | Reached skill level 10 in Maces & Flails
  5629 | D:5      | Found a staircase to the Ecumenical Temple.
  5889 | D:5      | Reached skill level 10 in Fighting
  5939 | D:6      | Reached skill level 1 in Throwing
  6112 | D:6      | Reached skill level 11 in Maces & Flails
  6112 | D:6      | Reached XP level 9. HP: 68/101 MP: 9/9
  6212 | D:6      | HP: 2/101 [something (8)]
  6212 | D:6      | Slain by an unseen horror

Action                   |  1- 3 |  4- 6 |  7- 9 || total
-------------------------+-------+-------+-------++-------
Melee: Mace              |   133 |   318 |    61 ||   512
       Whip              |       |       |    95 ||    95
       Morningstar       |       |       |   111 ||   111
Throw: Large rock        |       |       |     3 ||     3
Invok: Berserk           |     2 |     1 |     2 ||     5
       Burn Spellbooks   |       |       |     1 ||     1
  Use: Scroll            |     2 |     7 |     1 ||    10
       Potion            |       |     1 |     4 ||     5
 Stab: Distracted        |       |       |     1 ||     1
  Eat: Chunk             |     2 |     5 |     9 ||    16
       Bread ration      |       |     1 |     1 ||     2
       Fruit             |       |     3 |       ||     3
